 Dungeon Crawl Stone Soup version 0.30.0-18-gc0e69614cb (webtiles) character file.

Game seed: 14844038553656956250

19 KittyFluff the Cudgeller (level 2, 0/19 HPs)
             Began as a Gargoyle Berserker on May 25, 2023.
             Was a Follower of Trog.
             Slain by a cerulean imp
             ... wielding a +2 spear
             ... summoned by Natasha
              (1 damage)
             ... on level 2 of the Dungeon.
             The game lasted 00:04:23 (866 turns).

KittyFluff the Cudgeller (Gargoyle Berserker)        Turns: 866, Time: 00:04:23

Health: 0/19       AC:  5    Str: 20    XL:     2   Next: 75%
Magic:  2/2        EV: 12    Int:  7    God:    Trog [*.....]
Gold:   6          SH:  0    Dex:  9    Spells: 1/1 levels left

rFire   . . .        i - +6 whip of Judgement {heavy, *Noise rElec rPois rC-}
rCold   x . .        (no shield)
rNeg    + . .        b - +0 animal skin
rPois   ∞            (no helmet)
rElec   +            (no cloak)
rCorr   .            (no gloves)
SInv    .            (no boots)
Will    .....        (no amulet)
Stlth   +            (no ring)
HPRegen 0.23/turn    (no ring)
MPRegen 0.08/turn

%: no passive effects
@: slowed, very slow
A: sickness immunity, AC +2, negative energy resistance 1, electricity
resistance, torment resistance 1, petrification resistance
a: Renounce Religion, Berserk


You were on level 2 of the Dungeon.
You worshipped Trog.
Trog was aware of your devotion.
You visited 1 branch of the dungeon, and saw 2 of its levels.

You collected 6 gold pieces.

Inventory:

Hand Weapons
 a - a +0 mace
 f - a +2 antimagic spear
 i - the +6 whip of Judgement (weapon) {heavy, *Noise rElec rPois rC-}
   (You found it on level 2 of the Dungeon)

   rC:        It makes you vulnerable to cold.
   rElec:     It insulates you from electricity.
   rPois:     It protects you from poison.
   *Noise:    It may make noises in combat.
 k - a +0 sling
Armour
 b - a +0 animal skin (worn)
Scrolls
 c - a scroll of identify
 e - a scroll of enchant armour {unknown}
 j - a scroll of noise {unknown}
Potions
 d - a potion of invisibility
 g - a potion of brilliance
 h - 2 potions of berserk rage
 l - a potion of magic {unknown}


   Skills:
 + Level 3.4 Fighting
 * Level 3.5 Maces & Flails
 * Level 2.2 Armour
 + Level 1.8 Dodging
 + Level 0.2 Stealth


You had one spell level left.
You didn't know any spells.
Your spell library was empty.

Dungeon Overview and Level Annotations

Branches:
Dungeon (2/15)

Altars:

Annotations:
D:2 Natasha


Innate Abilities, Weirdness & Mutations

You are immune to sickness and miasma.
Your stone body is resilient. (AC +2)
You are immune to poison.
You resist negative energy. (rN+)
You are resistant to electric shocks. (rElec)
You are resistant to unholy torment.
You are immune to petrification.


Message History

Trog accepts your kill.
You see here a +0 sling.
k - a +0 sling You now have 6 gold pieces.
Found a green potion.
l - a green potion Natasha and a rat come into view.
Natasha hisses angrily.
The rat bites you.
You closely miss the rat.
Natasha drinks a potion.
Natasha flickers and vanishes!
Deactivating autopickup; reactivate with Ctrl-A.
The rat misses you.
You whack the rat!
You kill the rat!
Trog accepts your kill.
You hear some strange, mumbled words.
A magic dart appears from out of thin air!
The magic dart hits you. Something completely misses you.
You barely miss something.
The cerulean imp hits you from afar with a +2 spear.
Something claws you.
You miss something. The cerulean imp barely misses you.
You hear some strange, mumbled words.
Something tries to affect you, but you resist.
You miss something.
The cerulean imp hits you from afar with a +2 spear.
Something claws you but does no damage. The cerulean imp completely misses you.
Something claws you.
* * * LOW HITPOINT WARNING * * *
You closely miss something. The cerulean imp barely misses you.
You hear some strange, mumbled words.
You feel yourself slow down.
You miss something.
The cerulean imp hits you but does no damage.
Something claws you.
* * * LOW HITPOINT WARNING * * *
The cerulean imp hits you from afar with a +2 spear.
You die...

##########
#.@{5.....
#.########
#.# #.#
#.# ###.#
#...#
#.### #.#


You could see a cerulean imp (summoned).

Vanquished Creatures
  2 ball pythons (D:1)
  2 bats (D:1)
  2 endoplasms (D:1)
  A giant cockroach (D:1)
  A goblin (D:1)
  4 hobgoblins
  A quokka (D:1)
  2 rats
15 creatures vanquished.

Notes
Turn   | Place    | Note
-------+----------+-------------------------------------------
     0 | D:1      | KittyFluff the Gargoyle Berserker began the quest for the
                  | Orb.
     0 | D:1      | Reached XP level 1. HP: 14/14 MP: 1/1
   242 | D:1      | Reached XP level 2. HP: 18/19 MP: 2/2
   702 | D:2      | Identified the +6 whip of Judgement {heavy, *Noise rElec
                  | rPois rC-}
   857 | D:2      | Noticed Natasha
   866 | D:2      | Slain by a cerulean imp

Illustrated notes

Levels and vault maps discovered:
D:1:      lemuel_arrival_broad_hall, layout_loops_cross, grunt_decor_junction,
          minmay_door_square
D:2:      layout_loops_cross, uniq_natasha

Action                     || total
---------------------------++-------
  Melee: Mace              ||    49
         Whip              ||     8
         Punch             ||     1
    Use: Scroll            ||     3
 Armour: Animal skin       ||    23
  Dodge: Dodged            ||    42
